 Dungeon Crawl Stone Soup version 0.16.1-14-g82efdee (webtiles) character file.

4814 KarvaRausku the Cleaver (level 10, 0/71 (72) HPs)
             Began as a Human Wanderer on Apr 14, 2015.
             Was an Elder of Okawaru.
             Succumbed to a killer bee's poison
             ... on level 7 of the Dungeon.
             The game lasted 00:31:24 (12538 turns).

KarvaRausku the Cleaver (Human Wanderer)           Turns: 12538, Time: 00:31:25

HP:   0/71 (72)     AC: 10    Str: 16    XL:     10   Next: 77%
MP:   11/11         EV:  9    Int: 12    God:    Okawaru [****..]
Gold: 420           SH:  0    Dex: 13    Spells: 0 memorised, 9 levels left

rFire  . . .     SeeInvis .     H - +0 battleaxe (curse)
rCold  + . .     Clarity  .     q - +1 scale mail {rC+}
rNeg   . . .     SustAb   .     (no shield)
rPois  .         Gourm    .     (helmet restricted)
rElec  .         Spirit   .     (no cloak)
rCorr  .         Warding  .     N - +0 pair of gloves (curse)
rMut   .         Stasis   .     K - +0 pair of boots
MR     +....                    Q - amulet of faith
Stlth  ..........               (no ring)
                                h - ring of protection from magic

@: lethally poisoned (0 -> -1), somewhat resistant to hostile enchantments,
extremely unstealthy
A: horns 1
a: Heroism, Renounce Religion


You were on level 7 of the Dungeon.
You worshipped Okawaru.
Okawaru was greatly pleased with you.
You were not hungry.

You visited 2 branches of the dungeon, and saw 10 of its levels.

You collected 420 gold pieces.

Inventory:

Hand weapons
 a - a +2 hand crossbow
 b - a +1 war axe
 r - a +1 flail of protection
 s - a +0 flail
 y - a +3 great sword
 H - a cursed +0 battleaxe (weapon)
Missiles
 d - 31 bolts
Armour
 g - a +0 scale mail
 k - a cursed +0 plate armour
 q - a +1 scale mail of cold resistance (worn)
 v - a +2 animal skin
 w - a +1 helmet
 B - a +0 ring mail
 G - a +0 ring mail
 I - a +0 plate armour
 K - a +0 pair of boots (worn)
 N - a cursed +0 pair of gloves (worn)
Jewellery
 h - a ring of protection from magic (left hand)
 Q - an amulet of faith (around neck)
Magical devices
 u - a wand of cold (0)
 F - a wand of confusion (11)
 J - a wand of fire (0)
Scrolls
 e - a scroll of recharging {unknown}
 j - a scroll of remove curse
 l - 3 scrolls of teleportation
 m - a scroll of enchant weapon
 o - a scroll of enchant armour {unknown}
 x - 3 scrolls of noise
 D - 2 scrolls of fear
Potions
 t - 2 potions of cancellation
 C - a potion of restore abilities
 O - a potion of agility
Comestibles
 f - 4 bread rations
 n - 3 fruits
 p - a royal jelly
 A - a slice of pizza


   Skills:
 - Level 4.2 Fighting
 + Level 13.8 Axes
 - Level 2.4 Crossbows
 - Level 3.6 Armour
 - Level 0.4 Dodging
 - Level 1.0 Stealth
 - Level 1.0 Evocations


You had 9 spell levels left.
You didn't know any spells.

Dungeon Overview and Level Annotations

Branches:
Dungeon (9/15)             Temple (1/1) D:4
   Lair: D:8-11         Orc: D:9-12

Altars:
Ashenzari
Cheibriados
Dithmenos
Elyvilon
Fedhas
Gozag
Kikubaaqudgha
Makhleb
Nemelex Xobeh
Okawaru
Qazlal
Ru
Sif Muna
Trog
Vehumet
Xom
Yredelemnul
Zin
The Shining One

Shops:
D:7 (   D:8 ((?(

Annotations:
D:7 KarvaRausku's ghost, experienced HuFi


Innate Abilities, Weirdness & Mutations

You have a pair of small horns on your head.


Message History

Your resistance to elements expires.
You feel a little less clever now.
* * * LOW HITPOINT WARNING * * *
You feel sick.
Put on which piece of jewellery? (? for menu, Esc to quit)
You feel a surge of divine interest.
Q - an amulet of faith (around neck) Eat which item? (? for menu, Esc to quit)
You continue eating.
* * * LOW HITPOINT WARNING * * *
You feel sick.
You continue eating.
You finish eating.
That bread ration really hit the spot!
* * * LOW HITPOINT WARNING * * *
You feel sick.
Unknown command.
* * * LOW HITPOINT WARNING * * *
You feel sick.
* * * LOW HITPOINT WARNING * * *
You feel sick.
You die...

.................[.............>.
.#######.###.#......########.##.#
.# #.# #.#.####.########.##.#
.#######'###.#..#............##.#
.#.........#.#..#.#.###########.#
.#.........#.#..#.#.# #.#
.#.........#.#..†.#.# ..#
##.........#.#.#..#.# ###
#.........#.#.#@.#..
##<........#.#.#..#.#
....####'###....#.#.# ....#
#........#.#.# ....# ########.#..
....+ .........#... ....#
#########.... ....# ...## ....#
..>+


There were no monsters in sight!

Vanquished Creatures
  Joseph (D:8)
  Eustachio (D:7)
  A hippogriff (D:8)
  A hungry ghost (D:8)
  A steam dragon (D:9)
  Edmund (D:8)
  A sky beast (D:8)
  A black bear (D:5)
  A phantom (D:9)
  An ice beast (D:9)
  2 necrophages (D:8)
  3 ogres
  2 orc warriors
  3 centaurs
  3 giant frogs
  A wyvern zombie (D:6)
  A gnoll sergeant (D:7)
  Blork the orc (D:5)
  A big kobold (D:7)
  6 scorpions
  5 wights
  A wyvern skeleton (D:8)
  3 killer bees (D:7)
  4 jellies
  A centaur zombie (D:8)
  4 crimson imps
  A giant frog zombie (D:7)
  3 hounds
  2 centaur skeletons
  An iguana (D:4)
  4 goliath beetles
  2 orc priests (D:7)
  5 worker ants
  4 orc wizards
  A hound skeleton (D:6)
  8 gnolls
  A worker ant zombie (D:8)
  Robin (D:2)
  18 adders
  A river rat (D:7)
  2 giant mites
  3 worms
  An adder skeleton (D:8)
  7 giant geckos
  3 oozes
  25 orcs
  A ball python (D:2)
  17 bats
  9 giant cockroaches
  16 hobgoblins
  7 jackals
  9 quokkas
  A giant gecko skeleton (D:8)
  4 giant newts
  23 goblins
  16 kobolds
  A quokka zombie (D:5)
  18 rats
266 creatures vanquished.

Notes
Turn   | Place    | Note
--------------------------------------------------------------
     0 | D:1      | KarvaRausku, the Human Wanderer, began the quest for the Orb.
     0 | D:1      | KarvaRausku set off with: a +2 hand crossbow, a +0 ring mail, a potion of curing, 24 bolts, a bread ration
     0 | D:1      | Reached XP level 1. HP: 18/18 MP: 1/1
    49 | D:1      | Reached XP level 2. HP: 17/24 MP: 2/2
   343 | D:1      | Reached XP level 3. HP: 29/29 MP: 3/3
   898 | D:2      | Reached skill level 4 in Fighting
   983 | D:2      | Reached XP level 4. HP: 37/37 MP: 4/4
  1445 | D:2      | Reached XP level 5. HP: 24/42 MP: 5/5
  1818 | D:2      | Noticed Robin
  2015 | D:2      | Killed Robin
  2649 | D:3      | Reached XP level 6. HP: 36/48 MP: 7/7
  4035 | D:4      | Found a staircase to the Ecumenical Temple.
  4060 | D:4      | Found a sacrificial altar of Ru.
  4075 | D:4      | Reached XP level 7. HP: 52/54 MP: 8/8
  4101 | Temple   | Entered the Ecumenical Temple
  4129 | Temple   | Became a worshipper of Warmaster Okawaru
  4208 | D:5      | Entered Level 5 of the Dungeon
  4426 | D:4      | Reached skill level 5 in Axes
  5110 | D:5      | Reached skill level 6 in Axes
  5131 | D:5      | Found a glowing golden altar of the Shining One.
  5131 | D:5      | Found a sparkling altar of Nemelex Xobeh.
  5332 | D:5      | Found a deep blue altar of Sif Muna.
  5332 | D:5      | Noticed Blork the orc
  5348 | D:5      | Killed Blork the orc
  5410 | D:5      | Reached XP level 8. HP: 57/60 MP: 9/9
  5511 | D:6      | Acquired Okawaru's first power
  5511 | D:6      | Reached skill level 7 in Axes
  5920 | D:6      | Reached skill level 8 in Axes
  7359 | D:6      | Found a glowing golden altar of the Shining One.
  7419 | D:6      | Reached skill level 9 in Axes
  7599 | D:7      | Reached XP level 9. HP: 45/65 MP: 10/10
  7669 | D:7      | Noticed KarvaRausku's ghost (experienced HuFi)
  7815 | D:7      | Found Jayhuh's Weapon Shoppe.
  7888 | D:7      | Noticed Eustachio
  7920 | D:7      | Killed Eustachio
  7920 | D:7      | Reached skill level 10 in Axes
  8021 | D:7      | Found a burning altar of Makhleb.
  8026 | D:7      | Found a glowing silver altar of Zin.
  8026 | D:7      | Noticed an angel
  8026 | D:7      | Noticed an Executioner
  8267 | D:8      | Found Clouc's Weapon Emporium.
  8379 | D:8      | Found Stracoixzi's Magic Scroll Boutique.
  8412 | D:8      | Noticed Joseph
  8807 | D:6      | Found a shimmering altar of Xom.
  9152 | D:7      | Reached skill level 11 in Axes
  9512 | D:8      | Noticed Edmund
  9539 | D:8      | Killed Edmund
  9539 | D:8      | Reached XP level 10. HP: 55/71 MP: 11/11
  9685 | D:8      | Killed Joseph
  9685 | D:8      | Reached skill level 12 in Axes
  9771 | D:8      | Found Woucap's Weapon Emporium.
  9815 | D:8      | Found Qilaladea's Antique Weapon Shop.
 10626 | D:8      | Reached skill level 13 in Axes
 12517 | D:7      | HP: 3/71 [poisoned by a killer bee]
 12518 | D:7      | Gained mutation: You have a pair of small horns on your head. [potion of beneficial mutation]
 12524 | D:7      | HP: 2/71 [poisoned by a killer bee]
 12530 | D:7      | HP: 1/71 [poisoned by a killer bee]
 12538 | D:7      | Succumbed to a killer bee's poison

Action                   |  1- 3 |  4- 6 |  7- 9 | 10-12 || total
-------------------------+-------+-------+-------+-------++-------
Melee: Hand axe          |       |   152 |       |       ||   152
       Flail             |       |    52 |       |       ||    52
       Unarmed           |       |     8 |       |       ||     8
       War axe           |       |    40 |   564 |   147 ||   751
       Battleaxe         |       |       |       |   128 ||   128
 Fire: Hand crossbow     |    75 |    60 |       |     9 ||   144
Evoke: Wand              |       |       |     9 |     1 ||    10
  Use: Potion            |       |     2 |     3 |    11 ||    16
       Scroll            |       |       |    16 |     2 ||    18
 Stab: Paralysed         |       |       |     3 |       ||     3
       Invisible         |       |       |       |     7 ||     7
  Eat: Chunk             |       |    10 |    12 |     5 ||    27
       Beef jerky        |       |       |     1 |       ||     1
       Meat ration       |       |       |     1 |       ||     1
       Bread ration      |       |       |       |     2 ||     2
